 Dungeon Crawl Stone Soup version 0.31-a0-968-g24f9ace8b5 (webtiles) character file.

Game seed: 15022246476408047405

751 SmokeWeed the Magician (level 7, -3/32 HPs)
             Began as a Spriggan Venom Mage on Oct 27, 2023.
             Succumbed to Dowan's poison
             ... on level 5 of the Dungeon.
             The game lasted 00:18:15 (5583 turns).

SmokeWeed the Magician (Spriggan Venom Mage)        Turns: 5583, Time: 00:18:15

Health: -3/32      AC:  4    Str:  6    XL:     7   Next: 49%
Magic:  13/16      EV: 18    Int: 16    God:
Gold:   312        SH:  5    Dex: 16    Spells: 7/17 levels left

rFire   . . .        i - +2 dagger (venom)
rCold   . . .        (no shield)
rNeg    . . .        a - +0 robe
rPois   .            (helmet restricted)
rElec   .            l - +1 cloak {rCorr}
rCorr   +            (gloves unavailable)
SInv    +            (boots unavailable)
Will    +....        f - amulet of reflection
Stlth   +++          (no ring)
HPRegen 0.25/turn    (no ring)
MPRegen 0.15/turn

%: reflection
@: brilliant, lethally poisoned (-3 -> -17), very quick
A: very small, no large weapons, unfitting armour, see invisible, speed 3
a: no special abilities


You were on level 5 of the Dungeon.
You visited 1 branch of the dungeon, and saw 5 of its levels.
You also visited: Sewer.

You collected 312 gold pieces.

Inventory:

Hand Weapons
 i - a +2 dagger of venom (weapon)
 k - a +3 quarterstaff of chaos
 m - a +1 falchion of flaming
Missiles
 e - 3 poisoned darts
Armour
 a - a +0 robe (worn)
 l - a +1 cloak of preservation (worn)
Jewellery
 f - an amulet of reflection (around neck)
Scrolls
 c - a scroll of teleportation
 h - a scroll of identify {unknown}
 q - a scroll of silence {unknown}
Potions
 b - a potion of magic
 d - 2 potions of attraction {unknown}
 g - 2 potions of lignification {unknown}
 j - a potion of heal wounds {unknown}
 n - a potion of haste {unknown}
 o - 2 potions of brilliance
 p - 2 potions of invisibility {unknown}


   Skills:
 + Level 0.8 Fighting
 + Level 2.3 Short Blades
 + Level 3.9 Dodging
 + Level 4.8 Stealth
 + Level 0.6 Shields
 + Level 5.8 Spellcasting
 + Level 2.3 Transmutations
 + Level 2.2 Air Magic
 + Level 5.2 Poison Magic


You had 7 spell levels left.
You knew the following spells:

 Your Spells              Type           Power      Damage    Failure   Level
a - Sting                 Tmut/Pois      100%       1d8       3%          1
b - Poisonous Vapours     Pois/Air       50%        N/A       4%          2
c - Mephitic Cloud        Conj/Pois/Air  19%        N/A       16%         3
d - Olgreb's Toxic Radia  Pois           32%        N/A       16%         4

Your spell library contained the following spells:

 Spells                   Type           Power      Damage    Failure   Level
 Conjure Ball Lightning   Conj/Air       6%         3x3d6     100%        6
 Discord                  Hex            3%         N/A       100%        8
 Disjunction              Tloc           3%         N/A       100%        8


Dungeon Overview and Level Annotations

Branches:
Dungeon (5/15)              Sewer (visited)
 Temple: D:4-7

Altars:
Fedhas
Makhleb
Okawaru
Trog
The Shining One

Shops:
D:5 !*

Annotations:
D:5 Dowan


Innate Abilities, Weirdness & Mutations

You are very small and have problems with some larger weapons.
You are too small for most types of armour.
You have supernaturally acute eyesight. (SInv)
You cover ground extremely quickly. (Speed+++)


Message History

Okay, then.
Duvessa shouts!
Your +1 falchion of flaming stops flaming.
Your +2 dagger of venom begins to drip with poison!
i - a +2 dagger of venom (weapon)
You are too injured to fight recklessly!
You barely miss Dowan.
Dowan says, "Why is everything spinning?"
You barely miss Dowan.
Duvessa barely misses Dowan.
Dowan hits you with a +1 dagger of venom.
You are poisoned.
You hit Dowan.
Dowan is poisoned.
Dowan is lightly wounded.
You feel sick.
Duvessa seems less confused.
Dowan misses you.
You barely miss Dowan.
Dowan is moderately wounded.
You feel sick. Duvessa hits you with a +0 rapier.
* * * LOW HITPOINT WARNING * * *
Dowan gestures wildly.
Dowan misses you.
Dowan hits himself with a +1 dagger of venom.
Dowan looks as sick as possible!
You hit Duvessa but do no damage.
Duvessa looks as sick as possible!
Duvessa is almost dead.
* * * LOW HITPOINT WARNING * * *
You feel sick.
You kill Duvessa!
Dowan screams, "No!
No!"
Dowan seems to find hidden reserves of power!
Dowan seems less confused.
You hit Dowan.
Dowan looks as sick as possible!
Dowan is severely wounded.
Dowan hits you with a +1 dagger of venom.
* * * LOW HITPOINT WARNING * * *
You are more poisoned.
Dowan mumbles some strange words.
Dowan blinks!
It was a potion of brilliance.
You feel clever all of a sudden.
You die...

...## ####
#...########..#
##............##
##...........∩#
##.........##.##
#..##.....###.# .
..###.....###.# ... .##
#..##.....#####.).#
#####.###....e..@§....#
###..## #........)....#
...### ##....######..#
.### #...## #.# #.#
####. # ###


You could see Dowan (fast, extremely poisoned).

Vanquished Creatures
  Duvessa (D:5)
  An ogre (D:4)
  A phantom (D:5)
  3 jellies
  A hound (D:5)
  Crazy Yiuf (D:2)
  4 iguanas (D:5)
  11 adders
  2 river rats (Sewer)
  2 ufetubi (D:5)
  2 worms
  A dart slug (D:1)
  7 orcs
  8 ball pythons
  8 bats
  6 endoplasms
  11 giant cockroaches
  7 goblins
  9 hobgoblins
  6 jackals (D:1)
  5 kobolds
  2 quokkas
  5 frilled lizards
  7 rats
111 creatures vanquished.

Notes
Turn   | Place    | Note
-------+----------+-------------------------------------------
     0 | D:1      | SmokeWeed the Spriggan Venom Mage began the quest for the
                  | Orb.
     0 | D:1      | Reached XP level 1. HP: 9/9 MP: 5/5
   245 | D:1      | Reached XP level 2. HP: 13/13 MP: 3/6
   774 | D:1      | Reached XP level 3. HP: 12/16 MP: 5/8
  1225 | D:2      | Learned a level 2 spell: Poisonous Vapours
  1229 | D:2      | Learned a level 3 spell: Mephitic Cloud
  1247 | D:2      | Found a glowing golden altar of the Shining One.
  1996 | D:2      | Found a runed translucent door.
  1997 | D:2      | Noticed Crazy Yiuf
  2016 | D:2      | Killed Crazy Yiuf
  2017 | D:2      | Reached XP level 4. HP: 21/21 MP: 1/10
  3042 | D:3      | Reached XP level 5. HP: 24/24 MP: 12/12
  3083 | D:3      | Found a glowing drain.
  3087 | Sewer    | Entered a sewer
  3225 | Sewer    | Reached skill level 1 in Air Magic
  3234 | Sewer    | Reached skill level 1 in Short Blades
  3403 | Sewer    | Found a viscous altar of Jiyva.
  3453 | Sewer    | Reached XP level 6. HP: 19/29 MP: 13/13
  3893 | D:3      | Found a blossoming altar of Fedhas.
  4065 | D:3      | Learned a level 4 spell: Olgreb's Toxic Radiance
  4168 | D:4      | Found a burning altar of Makhleb.
  4314 | D:4      | Found an iron altar of Okawaru.
  4368 | D:4      | Found a bloodstained altar of Trog.
  4405 | D:4      | Noticed a water moccasin
  4423 | D:5      | Entered Level 5 of the Dungeon
  4592 | D:5      | Reached skill level 5 in Spellcasting
  4949 | D:5      | Found a glowing golden altar of the Shining One.
  5169 | D:5      | Reached XP level 7. HP: 32/32 MP: 10/16
  5252 | D:5      | Found Moto's Distillery.
  5545 | D:5      | Found Figgue's Assorted Antiques.
  5552 | D:5      | Noticed Dowan
  5556 | D:5      | Noticed Duvessa
  5571 | D:5      | Reached skill level 5 in Poison Magic
  5581 | D:5      | Killed Duvessa
  5582 | D:5      | HP: 1/32 [Dowan/+1 dagger of venom (4)]
  5583 | D:5      | Succumbed to Dowan's poison

Illustrated notes

Levels and vault maps discovered:
D:1:      scummos_arrival_forest, layout_basic
D:2:      layout_basic, serial_forest, infiniplex_forest_lined_corner,
          infiniplex_forest_end_3, infiniplex_forest_clump_small,
          infiniplex_forest_clump_tiny, infiniplex_forest_lined_corner,
          infiniplex_forest_straight_5, infiniplex_forest_zigzag_2, basic_altar,
          uniq_crazy_yiuf_cottage
D:3:      layout_basic, mainiacjoe_overflow_boulevard, gup_sewer_entry_bowl
D:4:      layout_gridville, mainiacjoe_overflow_chevrons, bloody_trog,
          marbit_many_paths, zin_angel, nicolae_zig_zag_zippers, uniq_pikel
D:5:      layout_layer_cave, amcnicky_altar_gilded, serial_shops,
          nicolae_shop_just_a_little_nook, nicolae_shop_advertising_works
          [nicolae_subvault_shop_adworks], shop, uniq_duvessa

Skill      XL: |  1  2  3  4  5  6  7 |
---------------+----------------------+-----
Spellcasting   | 3 4 5 |  5.8
Transmutations | 2 |  2.3
Poison Magic   | 4 5 |  5.2
Stealth        | 4 |  4.8
Dodging        | 3 |  3.9
Air Magic      | 1 2 |  2.2
Short Blades   | 1 2 |  2.3
Fighting       | |  0.8
Shields        | |  0.6

Action                     |  1- 3 |  4- 6 |  7- 9 || total
---------------------------+-------+-------+-------++-------
  Melee: Unarmed           |     3 |       |       ||     3
         Dagger            |    49 |   168 |    20 ||   237
         Punch             |       |     3 |       ||     3
         Falchion          |       |       |     2 ||     2
   Cast: Sting             |    41 |       |       ||    41
         Poisonous Vapours |    17 |    46 |     5 ||    68
         Mephitic Cloud    |       |     1 |     1 ||     2
    Use: Scroll            |       |     3 |       ||     3
         Potion            |       |       |     1 ||     1
   Stab: Sleeping          |     5 |     5 |     1 ||    11
         Distracted        |       |     1 |       ||     1
 Armour: Robe              |    14 |    40 |    10 ||    64
  Dodge: Dodged            |    52 |   133 |     7 ||   192
  Block: Other             |    12 |    36 |     1 ||    49

Table legend: (Time is in decaauts)
 A = Elapsed time spent in this place.
 B = Non-inter-level travel time spent in this place.
 C = Inter-level travel time spent in this place.
 D = Time resting spent in this place.
 E = Time spent auto-exploring this place.
 F = Levels seen in this place.
 G = Mean time per level.
                   A        B        C        D        E       F      G
               +--------+--------+--------+--------+--------+-----+--------+
         Total |   4177 |   4065 |    112 |      2 |   3141 |   6 |  696.2 |
       Dungeon |   3765 |   3653 |    112 |      2 |   2915 |   5 |  753.0 |
         Sewer |    412 |    412 |      0 |      0 |    225 |   1 |  412.0 |
               +--------+--------+--------+--------+--------+-----+--------+

Top non-repeatable levels by time:
     D:2: 1114 daAuts
     D:5: 907 daAuts
     D:1: 852 daAuts
     D:3: 648 daAuts
   Sewer: 412 daAuts
     D:4: 242 daAuts
